 Dungeon Crawl Stone Soup version 0.27.0-1-g7a089689b8 (webtiles) character file.

Game seed: 1807169170528583925

730 dolemite99 the Chucker (level 7, -2/55 HPs)
             Began as a Troll Warper on Aug 9, 2021.
             Was a Follower of Hepliaklqana.
             Slain by an orc warrior (14 damage)
             ... on level 4 of the Dungeon.
             The game lasted 00:04:18 (3098 turns).

dolemite99 the Chucker (Troll Warper)               Turns: 3098, Time: 00:04:19

Health: -2/55      AC:  6    Str: 22    XL:     7   Next: 44%
Magic:  7/7        EV:  9    Int:  9    God:    Hepliaklqana [*.....]
Gold:   159        SH:  0    Dex:  9    Spells: 8/8 levels left

rFire    . . .     SeeInvis .     - Unarmed
rCold    . . .     Faith    .   (no shield)
rNeg     . . .     Spirit   .   a - +1 robe
rPois    .         Reflect  .   (helmet restricted)
rElec    .         Harm     .   i - +0 cloak
rCorr    .         Rampage  .   (gloves unavailable)
Will     .....                  (boots unavailable)
Stlth    +.........             (no amulet)
HPRegen  1.18/turn              (no ring)
MPRegen  0.10/turn              (no ring)

@: no status effects
A: reduced essence, large, unfitting armour, claws 3, regeneration 1, shaggy fur
1, tough skin 1
a: Renounce Religion, Recall Ancestor, Ancestor Identity


You were on level 4 of the Dungeon.
You worshipped Hepliaklqana.
Hepliaklqana was aware of your devotion.
You visited 1 branch of the dungeon, and saw 4 of its levels.

You collected 185 gold pieces.
You spent 26 gold pieces at shops.

Inventory:

Hand Weapons
 f - a +0 short sword of speed
 m - a +0 whip of venom
Missiles
 d - 46 arrows
 k - 94 stones (quivered)
Armour
 a - a +1 robe (worn)
 i - a +0 cloak (worn)
Scrolls
 b - a scroll of blinking
 g - a scroll of immolation {unknown}
 h - a scroll of fog {unknown}
 l - 3 scrolls of fear
 n - 2 scrolls of holy word
 p - 2 scrolls of teleportation
 q - a scroll of enchant weapon {unknown}
Potions
 c - a potion of haste {unknown}
 e - 3 potions of curing {unknown}
 j - 2 potions of heal wounds {unknown}
 o - a potion of brilliance {unknown}


   Skills:
 - Level 1.5 Fighting
 + Level 7.6 Throwing
 - Level 1.9 Dodging
 - Level 2.0 Unarmed Combat
 - Level 1.2 Spellcasting
 - Level 2.1 Translocations


You had 8 spell levels left.
You didn't know any spells.
Your spell library contained the following spells:

 Spells                   Type           Power      Damage    Failure   Level
 Blink                    Tloc           N/A        N/A       22%         2
 Gell's Gravitas          Tloc           2%         N/A       41%         3
 Lesser Beckoning         Tloc           2%         N/A       41%         3
 Teleport Other           Tloc           4%         N/A       41%         3
 Manifold Assault         Tloc           4%         N/A       99%         5


Dungeon Overview and Level Annotations

Branches:
Dungeon (4/15)
 Temple: D:4-7

Altars:
Hepliaklqana
Yredelemnul
Zin

Shops:
D:2 *

Annotations:
D:3 1 runed translucent door


Innate Abilities, Weirdness & Mutations

Your life essence is reduced to manifest your ancestor. (-10% HP)
You are too large for most types of armour.
You have claws for hands.
Your natural rate of healing is unusually fast.
You are covered in fur. (AC +1)
You have tough skin. (AC +1)


Message History

The orc warrior closely misses Friðuswiþ.
Friðuswiþ hits the orc warrior.
The orc warrior hits Friðuswiþ with a +0 halberd!
Friðuswiþ hits the orc warrior but does no damage.
Friðuswiþ closely misses the orc warrior.
Friðuswiþ hits the orc warrior but does no damage.
Friðuswiþ hits the orc.
You throw a stone. The stone hits the orc.
The orc is lightly wounded.
You claw the orc!
You kill the orc!
You throw a stone.
The stone hits the orc warrior but does no damage.
The orc warrior is moderately wounded.
The orc warrior hits you from afar with a +0 halberd.
The orc warrior hits you but does no damage.
The orc barely misses you.
Friðuswiþ closely misses the orc warrior.
You claw the orc warrior!
The orc warrior is heavily wounded.
The orc warrior hits you with a +0 halberd!
The orc closely misses you.
Friðuswiþ hits the orc warrior.
You scratch the orc warrior but do no damage.
The orc warrior is severely wounded.
The orc warrior hits you with a +0 halberd!
The orc hits you with a +0 trident.
Friðuswiþ hits the orc warrior.
You closely miss the orc warrior.
You claw the orc warrior, but do no damage.
The orc warrior is severely wounded.
The orc warrior hits you with a +0 halberd!
* * * LOW HITPOINT WARNING * * *
The orc hits you but does no damage.
Friðuswiþ hits the orc warrior!
You closely miss the orc warrior.
The orc warrior is almost dead.
The orc warrior barely misses you. The orc closely misses you.
Friðuswiþ misses the orc warrior.
You closely miss the orc warrior.
The orc warrior is almost dead.
The orc warrior hits you with a +0 halberd!
You die...

.........#.....)..##.............
.........#..#.#...##.............
............####..##.............
............#.....#.............#
..........#.....#....##..........
[........####...###..##..........
...#.....## ##...#.......##......
...###....###....##.......##.....
.#...####..##..)@.#.......##.....
##....###.......oo#.#.........##.
##.....###.......R....#..[....##.
##.....##................#....#..
.#.....###..).#.....###..........
#.†.....#....##....#....##.###.##
...###....#.......###.......####
..<##..†.........####.##...##
....#...##.............#.###


You could see the friendly Friðuswiþ the ancestor, an orc warrior (ally target)
and an orc.

Vanquished Creatures
  Grinder (D:4)
  An ogre (D:4)
  A phantom (D:3)
  3 scorpions (D:4)
  A jelly (D:4)
  Crazy Yiuf (D:2)
  2 adders
  4 gnolls (D:3)
  3 worms (D:3)
  8 orcs
  A bat (D:1)
  4 endoplasms
  4 giant cockroaches
  4 goblins
  2 hobgoblins
  6 jackals
  7 kobolds
  6 ball pythons
  4 frilled lizards
  A goblin zombie (D:3)
  2 rats
66 creatures vanquished.

Vanquished Creatures (collateral kills)
  A hound skeleton (D:4)
  An adder skeleton (D:4)
  A worm (D:4)
  A jackal (D:4)
  A ball python (D:4)
5 creatures vanquished.

Vanquished Creatures (others)
  3 plants (D:3)
3 creatures vanquished.

Grand Total: 74 creatures vanquished

Notes
Turn   | Place    | Note
-------+----------+-------------------------------------------
     0 | D:1      | dolemite99 the Troll Warper began the quest for the Orb.
     0 | D:1      | Reached XP level 1. HP: 19/19 MP: 1/1
    11 | D:1      | Reached skill level 1 in Throwing
   171 | D:1      | Reached XP level 2. HP: 27/27 MP: 2/2
   211 | D:1      | Reached skill level 2 in Throwing
   717 | D:2      | Found Zusoweoq's Assorted Antiques.
   724 | D:2      | Bought a scroll labelled LIETHI VAZE for 26 gold pieces
   790 | D:2      | Reached XP level 3. HP: 31/33 MP: 3/3
   975 | D:2      | Found a runed translucent door.
   976 | D:2      | Noticed Crazy Yiuf
   984 | D:2      | Killed Crazy Yiuf
   985 | D:2      | Reached skill level 3 in Throwing
  1078 | D:2      | Found a faded altar of an unknown god.
  1319 | D:3      | Noticed a phantom
  1364 | D:3      | Found a hazy altar of Hepliaklqana.
  1382 | D:3      | Became a worshipper of Hepliaklqana the Forgotten
  1387 | D:3      | Reached XP level 4. HP: 41/41 MP: 4/4
  1497 | D:3      | Killed a phantom
  1498 | D:3      | Reached skill level 4 in Throwing
  1498 | D:3      | Reached XP level 5. HP: 48/48 MP: 5/5
  1930 | D:3      | Reached skill level 5 in Throwing
  2159 | D:3      | Found a runed translucent door.
  2159 | D:3      | Noticed a human
  2173 | D:3      | Found a basalt altar of Yredelemnul.
  2487 | D:4      | Noticed an ogre
  2497 | D:4      | Killed an ogre
  2498 | D:4      | Reached XP level 6. HP: 27/55 MP: 6/6
  2649 | D:4      | Noticed Grinder
  2652 | D:4      | Reached * piety under Hepliaklqana
  2673 | D:4      | Paralysed by Grinder for 3 turns
  2679 | D:4      | Killed Grinder
  2680 | D:4      | Reached skill level 6 in Throwing
  2742 | D:4      | Reached XP level 7. HP: 55/55 MP: 7/7
  2821 | D:4      | Reached skill level 7 in Throwing
  2902 | D:4      | Found a glowing silver altar of Zin.
  3098 | D:4      | Slain by an orc warrior

Illustrated notes

Levels and vault maps discovered:
D:1:      dpeg_arrival_rhombus, layout_basic, minmay_misc_feat_tiny,
          minmay_misc_feat_roman
D:2:      layout_basic, serial_shops, shop,
          shapermc_ecumenical_altar_totnotflames, uniq_crazy_yiuf_cottage
D:3:      layout_loops_ring, nicolae_hepliaklqana_hazy_memory,
          dk_yredelemnul_ordeal
D:4:      layout_cave_pools, zin_treasury, uniq_grinder

Skill      XL: |  1  2  3  4  5  6  7 |
---------------+----------------------+-----
Throwing       | 1 2 3 4 5 6 7 |  7.6
Fighting       | |  1.5
Dodging        | |  1.9
Unarmed Combat | |  2.0
Spellcasting   | |  1.2
Translocations | |  2.1

Action                   |  1- 3 |  4- 6 |  7- 9 || total
-------------------------+-------+-------+-------++-------
Melee: Unarmed           |    63 |   116 |    42 ||   221
       Punch             |     1 |     1 |     1 ||     3
Throw: Boomerang         |     5 |       |       ||     5
       Stone             |     7 |    24 |     3 ||    34
  Use: Scroll            |     3 |     1 |     1 ||     5
Armor: Robe              |    21 |    51 |    20 ||    92
Dodge: Dodged            |    16 |    64 |    21 ||   101
